Demolitions vs Atomiques
Created - 17 février 2017 at 22:38
Goals
|
| Demolitions |
0 |
2 |
2 |
4 |
| Atomiques |
0 |
4 |
2 |
6 |
|
Shots
|
| Demolitions |
3 |
11 |
8 |
22 |
| Atomiques |
10 |
16 |
11 |
37 |
|
1st period
No Goal
Penalties :
Darren Helm (Vic) for Slashing (Minor) at 7:14, Nikolai Zherdev (Vic) for Interference (Minor) at 14:13
2nd period
1. Demolitions , Darren Helm 10 (Bobby Butler, Brendon Nash) at 1:37
2. Atomiques , Marc-André Cliche 16 (Kyle Wharton, Alex Berry) at 5:59
3. Demolitions , Nikolai Zherdev 21 (Darren Helm) at 6:21
4. Atomiques , Branko Radivojevic 32 (Mikael Backlund, Davis Drewiske) at 6:49
5. Atomiques , Tyler Brenner 23 (Shawn Belle, Davis Drewiske) at 9:00
6. Atomiques , Branko Radivojevic 33 (Mikael Backlund, Dwight King) at 10:57
Penalties :
Mikael Backlund (STB) for Roughing (Minor) at 11:14, Eric Mestery (STB) for Hooking (Minor) at 15:35
3rd period
7. Demolitions , Ryan Vesce 20 (Cameron Schilling) at 1:04
8. Atomiques , Andrew Kozek 10 (Marc-André Cliche, Dmitri Orlov) at 5:30
9. Demolitions , Nikolai Zherdev 22 (Cameron Schilling, Darren Helm) at 18:52
10. Atomiques , Branko Radivojevic 34 (Mikael Backlund, Dwight King) at 19:54 (Empty Net)
Penalties :
Dwight King (STB) for Roughing (Double Minor) at 1:13, Nikolai Zherdev (Vic) for Boarding (Minor) at 5:33, Marc-André Cliche (STB) for Interference (Minor) at 10:55
Goalie Stats
Joe Cannata (Vic), 31 saves from 36 shots - (0,861), L, 1-7-0, 59:22 minutes
Sergei Bobrovsky (STB), 18 saves from 22 shots - (0,818), W, 21-19-3, 60:00 minutes
Players Stats for Demolitions
Player Name G A P +/- PIM S H SB GA TA FO MP PP MP PK MP
------------------------------------------------------------------------------------
Alex Hutchings 0 0 0 -2 0 0 1 0 0 0 0/0 10:28 0:05 1:50
Andrew Campbell 0 0 0 -1 0 1 1 3 0 0 0/0 11:55 0:05 0:52
Billy Sweat 0 0 0 0 0 2 0 1 0 0 1/2 14:09 0:00 1:27
Bobby Butler 0 1 1 0 0 1 0 0 2 0 0/0 20:56 5:06 3:06
Brendon Nash 0 1 1 -2 0 2 2 3 1 0 0/0 26:56 5:51 1:54
Cameron Schilling 0 2 2 1 0 0 0 2 0 0 0/0 19:52 4:00 3:11
Corban Knight 0 0 0 0 0 1 3 0 0 0 5/7 14:05 0:25 0:55
Darren Helm 1 2 3 0 2 2 3 0 1 0 14/27 19:30 5:03 1:05
David Laliberté 0 0 0 -2 0 1 5 2 0 0 0/0 9:16 0:27 0:00
Doug Janik 0 0 0 -2 0 1 0 1 0 2 0/0 26:50 5:51 1:54
Matt D'Agostini 0 0 0 0 0 2 0 1 0 0 0/0 13:14 0:29 0:00
Nick Pryor 0 0 0 -1 0 0 0 1 0 0 0/0 11:56 0:05 0:52
Nicolas Blanchard 0 0 0 0 0 0 2 0 0 0 1/6 14:30 4:23 0:37
Nigel Dawes 0 0 0 0 0 1 2 0 1 1 1/1 15:25 4:23 1:01
Nikolai Zherdev 2 0 2 0 4 4 2 0 0 2 1/3 19:18 5:04 0:55
Ryan Vesce 1 0 1 0 0 2 0 0 2 1 0/0 15:01 4:23 0:58
Seth Helgeson 0 0 0 1 0 1 1 3 0 0 0/0 19:46 4:00 3:11
Vince Rocco 0 0 0 -2 0 1 1 1 0 1 2/5 8:46 0:00 0:00
Players Stats for Atomiques
Player Name G A P +/- PIM S H SB GA TA FO MP PP MP PK MP
------------------------------------------------------------------------------------
Alex Berry 0 1 1 0 0 1 0 0 1 0 0/0 12:11 0:47 0:00
Andrew Kozek 1 0 1 0 0 6 0 2 0 0 1/2 14:39 0:50 2:38
Bobby Farnham 0 0 0 0 0 0 0 0 0 1 1/1 6:51 0:10 0:00
Branko Radivojevic 3 0 3 1 0 5 2 0 2 1 3/7 21:08 2:58 4:41
Brett Sutter 0 0 0 0 0 1 1 0 0 0 0/0 10:29 0:04 3:29
Davis Drewiske 0 2 2 0 0 3 1 2 0 1 0/0 27:39 2:32 5:40
Dmitri Orlov 0 1 1 1 0 0 0 0 0 0 0/0 9:35 0:48 0:00
Dwight King 0 2 2 1 4 0 2 0 1 1 1/1 17:56 2:58 1:15
Eric Mestery 0 0 0 1 2 0 2 1 0 0 0/0 9:54 0:48 0:00
John McCarthy 0 0 0 0 0 0 0 0 1 0 0/0 7:01 0:24 0:00
Kenndal McArdle 0 0 0 1 0 2 2 0 0 0 0/0 15:28 1:59 1:08
Kyle Wharton 0 1 1 1 0 1 0 1 0 0 0/0 21:25 2:37 4:16
Marc-André Cliche 1 1 2 0 2 7 2 0 1 1 4/6 12:28 0:42 0:23
Mikael Backlund 0 3 3 1 2 3 1 0 1 0 13/26 20:02 3:01 3:39
Roman Polak 0 0 0 1 0 2 2 2 0 0 0/0 21:25 2:37 4:16
Ryan Shannon 0 0 0 1 0 2 0 0 0 1 0/1 14:03 1:59 0:00
Shawn Belle 0 1 1 0 0 0 2 2 0 1 0/0 27:39 2:32 5:40
Tyler Brenner 1 0 1 1 0 4 2 0 0 0 3/7 17:08 1:59 2:39
3 Stars
1 - Branko Radivojevic (STB)
2 - Darren Helm (Vic)
3 - Tyler Brenner (STB)
Power Play
Demolitions - 0 on 5 Attempt(s) - 0,00%
Atomiques - 0 on 3 Attempt(s) - 0,00%
Penalty Kill
Demolitions - 3 on 3 Attempt(s) - 100,00%
- Score 0 goal in Penalty Kill
Atomiques - 5 on 5 Attempt(s) - 100,00%
- Score 0 goal in Penalty Kill
Team Stat
Demolitions - Hits : 23 - Faceoff Wins : 25 - Blocked Shots : 18 - Penalty Minutes : 6
Atomiques - Hits : 19 - Faceoff Wins : 26 - Blocked Shots : 10 - Penalty Minutes : 10
Official
Referees : Walkom Stephen and Pollock Kevin
Linesman : Greg Devorski and Andy McElman
Game Notes
9:23 of 3rd period - Atomiques goal is going for a video replay. After video review, No Goal. The puck has entered the net after making contact with an attacking player’s stick that is above the height of the crossbar.
Branko Radivojevic has scored a Hat Trick!
Branko Radivojevic has scored in a empty net!
Finance
Level 1 -- Attendance: 1464 (73,20%) -- Ticket Income 51 240 $
Level 2 -- Attendance: 729 (72,90%) -- Ticket Income 10 935 $
Total Attendance: 2193 (73,10%)
Total Ticket Income: 62 175 $
Other Income: 3 109 $
Total Income: 65 284 $
Demolitions
5 vs 5 Forward
Center Left Wing Right Wing Time % Phy DF OF
1 Darren Helm Bobby Butler Nikolai Zherdev 40 1 2 2
2 Nicolas Blanchard Nigel Dawes Ryan Vesce 30 1 2 2
3 Corban Knight Billy Sweat Matt D'Agostini 20 1 2 2
4 Vince Rocco Alex Hutchings David Laliberté 10 1 2 2
5 vs 5 Defense
Defense Defense Time % Phy DF OF
1 Brendon Nash Doug Janik 40 1 2 2
2 Cameron Schilling Seth Helgeson 30 1 2 2
3 Andrew Campbell Nick Pryor 20 1 2 2
4 Brendon Nash Doug Janik 10 1 2 2
PowerPlay Forward
Center Left Wing Right Wing Time % Phy DF OF
1 Darren Helm Bobby Butler Nikolai Zherdev 60 1 2 2
2 Nicolas Blanchard Nigel Dawes Ryan Vesce 40 1 2 2
PowerPlay Defense
Defense Defense Time % Phy DF OF
1 Brendon Nash Doug Janik 60 1 2 2
2 Cameron Schilling Seth Helgeson 40 1 2 2
Penalty Kill 4 Players Forward
Center Wing Time % Phy DF OF
1 Nikolai Zherdev Bobby Butler 60 1 2 2
2 Nigel Dawes Ryan Vesce 40 1 2 2
Penalty Kill 4 Players Defense
Defense Defense Time % Phy DF OF
1 Brendon Nash Doug Janik 60 1 2 2
2 Cameron Schilling Seth Helgeson 40 1 2 2
Penalty Kill - 3 Players Forward
Forward Time % Phy DF OF
1 Nikolai Zherdev 60 1 2 2
2 Bobby Butler 40 1 2 2
Penalty Kill - 3 Players Defense
Defense Defense Time % Phy DF OF
1 Brendon Nash Doug Janik 60 1 2 2
2 Cameron Schilling Seth Helgeson 40 1 2 2
4 vs 4 Forward
Center Wing Time % Phy DF OF
1 Nikolai Zherdev Bobby Butler 60 1 2 2
2 Nigel Dawes Ryan Vesce 40 1 2 2
4 vs 4 Defense
Defense Defense Time % Phy DF OF
1 Brendon Nash Doug Janik 60 1 2 2
2 Cameron Schilling Seth Helgeson 40 1 2 2
Last Minutes Offensive
Center Left Wing Right Wing Defense Defense
Darren Helm Bobby Butler Nikolai Zherdev Brendon Nash Doug Janik
Last Minutes Defensive
Center Left Wing Right Wing Defense Defense
Darren Helm Bobby Butler Nikolai Zherdev Brendon Nash Doug Janik
Goaltenders
Starting : Joe Cannata
Backup : Jussi Rynnas
Extra Forwards
Normal : Matt D'Agostini, David Laliberté, Billy Sweat - PP : Matt D'Agostini, David Laliberté - PK : Billy Sweat
Extra Defensemen
Normal : Andrew Campbell, Nick Pryor, Cameron Schilling - PP : Andrew Campbell - PK : Nick Pryor, Cameron Schilling
Penalty Shots
Nikolai Zherdev, Bobby Butler, Nigel Dawes, Ryan Vesce, Darren Helm
Atomiques
5 vs 5 Forward
Center Left Wing Right Wing Time % Phy DF OF
1 Mikael Backlund Dwight King Branko Radivojevic 40 1 2 2
2 Tyler Brenner Kenndal McArdle Ryan Shannon 30 1 2 2
3 Marc-André Cliche Andrew Kozek Alex Berry 20 1 2 2
4 Brett Sutter John McCarthy Bobby Farnham 10 1 2 2
5 vs 5 Defense
Defense Defense Time % Phy DF OF
1 Shawn Belle Davis Drewiske 40 1 2 2
2 Kyle Wharton Roman Polak 30 1 2 2
3 Dmitri Orlov Eric Mestery 20 1 2 2
4 Shawn Belle Davis Drewiske 10 1 2 2
PowerPlay Forward
Center Left Wing Right Wing Time % Phy DF OF
1 Mikael Backlund Dwight King Branko Radivojevic 60 1 2 2
2 Tyler Brenner Kenndal McArdle Ryan Shannon 40 1 2 2
PowerPlay Defense
Defense Defense Time % Phy DF OF
1 Shawn Belle Davis Drewiske 60 1 2 2
2 Kyle Wharton Roman Polak 40 1 2 2
Penalty Kill 4 Players Forward
Center Wing Time % Phy DF OF
1 Branko Radivojevic Mikael Backlund 60 1 2 2
2 Tyler Brenner Dwight King 40 1 2 2
Penalty Kill 4 Players Defense
Defense Defense Time % Phy DF OF
1 Shawn Belle Davis Drewiske 60 1 2 2
2 Kyle Wharton Roman Polak 40 1 2 2
Penalty Kill - 3 Players Forward
Forward Time % Phy DF OF
1 Branko Radivojevic 60 1 2 2
2 Mikael Backlund 40 1 2 2
Penalty Kill - 3 Players Defense
Defense Defense Time % Phy DF OF
1 Shawn Belle Davis Drewiske 60 1 2 2
2 Kyle Wharton Roman Polak 40 1 2 2
4 vs 4 Forward
Center Wing Time % Phy DF OF
1 Branko Radivojevic Mikael Backlund 60 1 2 2
2 Tyler Brenner Dwight King 40 1 2 2
4 vs 4 Defense
Defense Defense Time % Phy DF OF
1 Shawn Belle Davis Drewiske 60 1 2 2
2 Kyle Wharton Roman Polak 40 1 2 2
Last Minutes Offensive
Center Left Wing Right Wing Defense Defense
Mikael Backlund Dwight King Branko Radivojevic Shawn Belle Davis Drewiske
Last Minutes Defensive
Center Left Wing Right Wing Defense Defense
Mikael Backlund Dwight King Branko Radivojevic Shawn Belle Davis Drewiske
Goaltenders
Starting : Sergei Bobrovsky
Backup : Jeremy Smith
Extra Forwards
Normal : Marc-André Cliche, Andrew Kozek, Brett Sutter - PP : Marc-André Cliche, Andrew Kozek - PK : Brett Sutter
Extra Defensemen
Normal : Dmitri Orlov, Eric Mestery, Kyle Wharton - PP : Dmitri Orlov - PK : Eric Mestery, Kyle Wharton
Penalty Shots
Branko Radivojevic, Mikael Backlund, Tyler Brenner, Dwight King, Ryan Shannon
% Time on Ice - Demolitions
Lines # - Real PCT - Wanted PCT - Time Play
Normal Forward
1 - 29% - 40% - 12:19
2 - 23% - 30% - 9:47
3 - 29% - 20% - 12:42
4 - 19% - 10% - 8:17
Normal Defense
1 - 37% - 40% - 15:54
2 - 31% - 30% - 13:34
3 - 26% - 20% - 11:22
4 - 5% - 10% - 2:15
PP Forward
1 - 56% - 60% - 5:33
2 - 44% - 40% - 4:23
PP Defense
1 - 60% - 60% - 5:56
2 - 40% - 40% - 4:00
PK Forward
1 - 84% - 60% - 4:59
2 - 16% - 40% - 0:58
PK Defense
1 - 32% - 60% - 1:54
2 - 68% - 40% - 4:03
PK3 Forward
1 - 0% - 60%
2 - 0% - 40%
PK3 Defense
1 - 0% - 60%
2 - 0% - 40%
44 Forward
1 - 0% - 60%
2 - 0% - 40%
44 Defense
1 - 0% - 60%
2 - 0% - 40%
Last Minute Offensive - 1:02
Last Minute Defensive - 0:00
Total
Forward - 60:00
Defense - 60:00
|
% Time on Ice - Atomiques
Lines # - Real PCT - Wanted PCT - Time Play
Normal Forward
1 - 32% - 40% - 13:59
2 - 29% - 30% - 12:30
3 - 24% - 20% - 10:17
4 - 15% - 10% - 6:19
Normal Defense
1 - 38% - 40% - 16:27
2 - 35% - 30% - 15:15
3 - 22% - 20% - 9:25
4 - 5% - 10% - 1:58
PP Forward
1 - 67% - 60% - 3:58
2 - 33% - 40% - 1:59
PP Defense
1 - 43% - 60% - 2:32
2 - 57% - 40% - 3:25
PK Forward
1 - 73% - 60% - 7:17
2 - 27% - 40% - 2:39
PK Defense
1 - 57% - 60% - 5:40
2 - 43% - 40% - 4:16
PK3 Forward
1 - 0% - 60%
2 - 0% - 40%
PK3 Defense
1 - 0% - 60%
2 - 0% - 40%
44 Forward
1 - 0% - 60%
2 - 0% - 40%
44 Defense
1 - 0% - 60%
2 - 0% - 40%
Last Minute Offensive - 0:00
Last Minute Defensive - 1:02
Total
Forward - 60:00
Defense - 60:00
|
Play by Play
1st period
0:01 of 1st period - Branko Radivojevic wins face-off versus Darren Helm in neutral zone.
1:35 of 1st period - Wrist shot by Dwight King.
1:35 of 1st period - Shot Blocked by Seth Helgeson.
1:49 of 1st period - Wrist shot by Kenndal McArdle.
1:49 of 1st period - Shot Blocked by Cameron Schilling.
1:51 of 1st period - Slapshot by Kenndal McArdle.
1:51 of 1st period - Stopped by Joe Cannata with a rebound.
1:53 of 1st period - Snap shot by Shawn Belle.
1:53 of 1st period - Deflect By Kenndal McArdle.
1:53 of 1st period - Shot Blocked by Seth Helgeson.
1:53 of 1st period - Puck is out of play.
1:54 of 1st period - Corban Knight wins face-off versus Mikael Backlund in Demolitions zone.
1:59 of 1st period - Davis Drewiske is hit by Corban Knight and loses puck.
2:24 of 1st period - Snap shot by Marc-André Cliche.
2:24 of 1st period - Stopped by Joe Cannata with a rebound.
2:26 of 1st period - Slapshot by Shawn Belle.
2:26 of 1st period - Shot Misses the Net.
2:30 of 1st period - Wrist shot by Marc-André Cliche.
2:30 of 1st period - Stopped by Joe Cannata with a rebound.
2:32 of 1st period - Wrist shot by Andrew Kozek.
2:32 of 1st period - Stopped by Joe Cannata with a rebound.
3:32 of 1st period - Snap shot by Andrew Kozek.
3:32 of 1st period - Stopped by Joe Cannata with a rebound.
3:34 of 1st period - Wrist shot by Eric Mestery.
3:34 of 1st period - Shot Misses the Net.
3:36 of 1st period - Snap shot by Andrew Kozek.
3:36 of 1st period - Shot Blocked by David Laliberté.
3:46 of 1st period - Mikael Backlund is hit by Darren Helm and loses puck.
3:55 of 1st period - Shawn Belle is hit by Brendon Nash and loses puck.
4:34 of 1st period - Snap shot by Brett Sutter.
4:34 of 1st period - Deflect By Cameron Schilling.
4:34 of 1st period - Stopped by Joe Cannata with a rebound.
4:36 of 1st period - Slapshot by Davis Drewiske.
4:36 of 1st period - Deflect By Matt D'Agostini.
4:36 of 1st period - Stopped by Joe Cannata with a rebound.
4:50 of 1st period - Wrist shot by Billy Sweat.
4:50 of 1st period - Shot Blocked by Andrew Kozek.
4:56 of 1st period - Slapshot by Marc-André Cliche.
4:56 of 1st period - Stopped by Joe Cannata without a rebound.
4:57 of 1st period - Vince Rocco wins face-off versus Mikael Backlund in Demolitions zone.
5:02 of 1st period - Roman Polak is hit by David Laliberté and loses puck.
5:15 of 1st period - Roman Polak is hit by David Laliberté and loses puck.
5:24 of 1st period - Snap shot by Vince Rocco.
5:24 of 1st period - Deflect By David Laliberté.
5:24 of 1st period - Stopped by Sergei Bobrovsky without a rebound.
5:25 of 1st period - Darren Helm wins face-off versus Tyler Brenner in Atomiques zone.
6:08 of 1st period - Off-side.
6:09 of 1st period - Corban Knight wins face-off versus Mikael Backlund in neutral zone.
6:12 of 1st period - Wrist shot by Matt D'Agostini.
6:12 of 1st period - Stopped by Sergei Bobrovsky with a rebound.
6:22 of 1st period - Snap shot by Branko Radivojevic.
6:22 of 1st period - Deflect By Mikael Backlund.
6:22 of 1st period - Shot Misses the Net.
6:22 of 1st period - Puck is out of play.
6:23 of 1st period - Darren Helm wins face-off versus Mikael Backlund in Demolitions zone.
6:27 of 1st period - Icing by Bobby Butler.
6:28 of 1st period - Darren Helm wins face-off versus Branko Radivojevic in Demolitions zone.
6:43 of 1st period - Snap shot by Nikolai Zherdev.
6:43 of 1st period - Shot Blocked by Kyle Wharton.
7:14 of 1st period - Minor Penalty to Darren Helm for Slashing.
7:15 of 1st period - Mikael Backlund wins face-off versus Nikolai Zherdev in Demolitions zone.
8:07 of 1st period - Off-side.
8:08 of 1st period - Mikael Backlund wins face-off versus Billy Sweat in neutral zone.
8:36 of 1st period - Off-side.
8:37 of 1st period - Nigel Dawes wins face-off versus Tyler Brenner in neutral zone.
8:46 of 1st period - Ryan Vesce is hit by Kenndal McArdle and loses puck.
9:03 of 1st period - Bobby Butler is hit by Shawn Belle and loses puck.
9:14 of 1st period - Penalty to Darren Helm is over, Darren Helm is back on ice.
9:17 of 1st period - Icing by Tyler Brenner.
9:18 of 1st period - Corban Knight wins face-off versus Tyler Brenner in Atomiques zone.
11:34 of 1st period - Slapshot by Ryan Shannon.
11:34 of 1st period - Shot Misses the Net.
11:42 of 1st period - Wrist shot by Kenndal McArdle.
11:42 of 1st period - Shot Blocked by Doug Janik.
11:44 of 1st period - Wrist shot by Tyler Brenner.
11:44 of 1st period - Shot Misses the Net.
12:00 of 1st period - Shawn Belle is hit by Brendon Nash and loses puck.
12:23 of 1st period - Davis Drewiske is hit by Corban Knight and loses puck.
13:17 of 1st period - Wrist shot by Tyler Brenner.
13:17 of 1st period - Shot Blocked by Matt D'Agostini.
13:19 of 1st period - Wrist shot by Tyler Brenner.
13:19 of 1st period - Stopped by Joe Cannata with a rebound.
13:27 of 1st period - Snap shot by Billy Sweat.
13:27 of 1st period - Stopped by Sergei Bobrovsky with a rebound.
13:41 of 1st period - Snap shot by Ryan Shannon.
13:41 of 1st period - Shot Misses the Net.
13:43 of 1st period - Wrist shot by Ryan Shannon.
13:43 of 1st period - Shot Blocked by Billy Sweat.
13:45 of 1st period - Backhand shot by Shawn Belle.
13:45 of 1st period - Shot Blocked by Brendon Nash.
13:47 of 1st period - Slapshot by Shawn Belle.
13:47 of 1st period - Shot Misses the Net.
13:51 of 1st period - Backhand shot by Tyler Brenner.
13:51 of 1st period - Stopped by Joe Cannata without a rebound.
13:52 of 1st period - Mikael Backlund wins face-off versus Darren Helm in Demolitions zone.
14:13 of 1st period - Minor Penalty to Nikolai Zherdev for Interference.
14:14 of 1st period - Mikael Backlund wins face-off versus Darren Helm in Demolitions zone.
15:23 of 1st period - Kyle Wharton is hit by Nigel Dawes and loses puck.
16:13 of 1st period - Penalty to Nikolai Zherdev is over, Nikolai Zherdev is back on ice.
16:27 of 1st period - Bobby Farnham is hit by David Laliberté and loses puck.
16:32 of 1st period - Wrist shot by David Laliberté.
16:32 of 1st period - Shot Misses the Net.
17:08 of 1st period - Andrew Kozek is hit by David Laliberté and loses puck.
17:21 of 1st period - Cameron Schilling is hit by Roman Polak and loses puck.
18:12 of 1st period - Nikolai Zherdev is hit by Eric Mestery and loses puck.
18:27 of 1st period - Andrew Campbell is hit by Dwight King and loses puck.
19:43 of 1st period - Ryan Vesce is hit by Branko Radivojevic and loses puck.
Goals for this period are 0 for Demolitions vs 0 for Atomiques.
Shots for this period are 3 for Demolitions vs 10 for Atomiques.
2nd period
0:01 of 2nd period - Darren Helm wins face-off versus Mikael Backlund in neutral zone.
0:36 of 2nd period - Wrist shot by Nigel Dawes.
0:36 of 2nd period - Shot Blocked by Andrew Kozek.
0:50 of 2nd period - Vince Rocco is hit by Brett Sutter and loses puck.
1:37 of 2nd period - Snap shot by Darren Helm.
1:37 of 2nd period - Goal by Darren Helm - Demolitions : 1 - Atomiques : 0.
1:38 of 2nd period - Darren Helm wins face-off versus Mikael Backlund in neutral zone.
2:35 of 2nd period - Snap shot by Billy Sweat.
2:35 of 2nd period - Stopped by Sergei Bobrovsky with a rebound.
2:37 of 2nd period - Wrist shot by Corban Knight.
2:37 of 2nd period - Stopped by Sergei Bobrovsky with a rebound.
2:39 of 2nd period - Wrist shot by Seth Helgeson.
2:39 of 2nd period - Stopped by Sergei Bobrovsky with a rebound.
3:11 of 2nd period - Dwight King is hit by Alex Hutchings.
3:47 of 2nd period - Davis Drewiske is hit by Nicolas Blanchard and loses puck.
4:02 of 2nd period - Snap shot by Ryan Shannon.
4:02 of 2nd period - Shot Blocked by Andrew Campbell.
4:04 of 2nd period - Slapshot by Davis Drewiske.
4:04 of 2nd period - Shot Misses the Net.
4:08 of 2nd period - Snap shot by Ryan Shannon.
4:08 of 2nd period - Shot Blocked by Nick Pryor.
4:10 of 2nd period - Wrist shot by Tyler Brenner.
4:10 of 2nd period - Deflect By Kenndal McArdle.
4:10 of 2nd period - Shot Blocked by Andrew Campbell.
4:10 of 2nd period - Puck is out of play.
4:11 of 2nd period - Mikael Backlund wins face-off versus Nicolas Blanchard in Demolitions zone.
4:35 of 2nd period - Darren Helm is hit by Marc-André Cliche and loses puck.
4:40 of 2nd period - Snap shot by Alex Berry.
4:40 of 2nd period - Shot Misses the Net.
4:42 of 2nd period - Slapshot by Dmitri Orlov.
4:42 of 2nd period - Deflect By Andrew Kozek.
4:42 of 2nd period - Stopped by Joe Cannata with a rebound.
4:44 of 2nd period - Slapshot by Dmitri Orlov.
4:44 of 2nd period - Deflect By Alex Berry.
4:44 of 2nd period - Stopped by Joe Cannata without a rebound.
4:45 of 2nd period - Marc-André Cliche wins face-off versus Nicolas Blanchard in Demolitions zone.
4:51 of 2nd period - Wrist shot by Andrew Kozek.
4:51 of 2nd period - Stopped by Joe Cannata with a rebound.
4:53 of 2nd period - Wrist shot by Roman Polak.
4:53 of 2nd period - Stopped by Joe Cannata without a rebound.
4:54 of 2nd period - Marc-André Cliche wins face-off versus Nicolas Blanchard in Demolitions zone.
5:09 of 2nd period - Cameron Schilling is hit by Roman Polak and loses puck.
5:35 of 2nd period - Snap shot by Ryan Vesce.
5:35 of 2nd period - Shot Blocked by Roman Polak.
5:55 of 2nd period - Wrist shot by Kyle Wharton.
5:55 of 2nd period - Shot Misses the Net.
5:57 of 2nd period - Snap shot by Marc-André Cliche.
5:57 of 2nd period - Shot Misses the Net.
5:59 of 2nd period - Slapshot by Marc-André Cliche.
5:59 of 2nd period - Goal by Marc-André Cliche - Demolitions : 1 - Atomiques : 1.
6:00 of 2nd period - Mikael Backlund wins face-off versus Darren Helm in neutral zone.
6:09 of 2nd period - Snap shot by Branko Radivojevic.
6:09 of 2nd period - Stopped by Joe Cannata with a rebound.
6:11 of 2nd period - Snap shot by Mikael Backlund.
6:11 of 2nd period - Stopped by Joe Cannata without a rebound.
6:12 of 2nd period - Nikolai Zherdev wins face-off versus Mikael Backlund in Demolitions zone.
6:17 of 2nd period - Snap shot by Darren Helm.
6:17 of 2nd period - Shot Misses the Net.
6:19 of 2nd period - Snap shot by Nikolai Zherdev.
6:19 of 2nd period - Stopped by Sergei Bobrovsky with a rebound.
6:21 of 2nd period - Wrist shot by Nikolai Zherdev.
6:21 of 2nd period - Goal by Nikolai Zherdev - Demolitions : 2 - Atomiques : 1.
6:22 of 2nd period - Darren Helm wins face-off versus Mikael Backlund in neutral zone.
6:29 of 2nd period - Wrist shot by Bobby Butler.
6:29 of 2nd period - Stopped by Sergei Bobrovsky with a rebound.
6:31 of 2nd period - Wrist shot by Bobby Butler.
6:31 of 2nd period - Shot Blocked by Davis Drewiske.
6:33 of 2nd period - Slapshot by Doug Janik.
6:33 of 2nd period - Deflect By Dwight King.
6:33 of 2nd period - Stopped by Sergei Bobrovsky without a rebound.
6:34 of 2nd period - Mikael Backlund wins face-off versus Darren Helm in Atomiques zone.
6:41 of 2nd period - Wrist shot by Mikael Backlund.
6:41 of 2nd period - Shot Misses the Net.
6:49 of 2nd period - Slapshot by Branko Radivojevic.
6:49 of 2nd period - Goal by Branko Radivojevic - Demolitions : 2 - Atomiques : 2.
6:50 of 2nd period - Mikael Backlund wins face-off versus Darren Helm in neutral zone.
7:48 of 2nd period - Slapshot by Cameron Schilling.
7:48 of 2nd period - Shot Misses the Net.
7:50 of 2nd period - Slapshot by Nigel Dawes.
7:50 of 2nd period - Stopped by Sergei Bobrovsky with a rebound.
8:40 of 2nd period - Off-side.
8:41 of 2nd period - Tyler Brenner wins face-off versus Vince Rocco in neutral zone.
8:44 of 2nd period - Snap shot by Ryan Shannon.
8:44 of 2nd period - Stopped by Joe Cannata with a rebound.
8:46 of 2nd period - Slapshot by Kenndal McArdle.
8:46 of 2nd period - Stopped by Joe Cannata without a rebound.
8:47 of 2nd period - Vince Rocco wins face-off versus Ryan Shannon in Demolitions zone.
8:54 of 2nd period - Slapshot by Davis Drewiske.
8:54 of 2nd period - Shot Blocked by David Laliberté.
8:56 of 2nd period - Slapshot by Shawn Belle.
8:56 of 2nd period - Shot Blocked by Brendon Nash.
8:58 of 2nd period - Slapshot by Shawn Belle.
8:58 of 2nd period - Deflect By Tyler Brenner.
8:58 of 2nd period - Stopped by Joe Cannata with a rebound.
9:00 of 2nd period - Wrist shot by Tyler Brenner.
9:00 of 2nd period - Goal by Tyler Brenner - Demolitions : 2 - Atomiques : 3.
9:01 of 2nd period - Darren Helm wins face-off versus Mikael Backlund in neutral zone.
9:04 of 2nd period - Shawn Belle is hit by Darren Helm and loses puck.
9:31 of 2nd period - Wrist shot by Tyler Brenner.
9:31 of 2nd period - Shot Misses the Net.
9:37 of 2nd period - Wrist shot by Ryan Vesce.
9:37 of 2nd period - Shot Blocked by Davis Drewiske.
9:53 of 2nd period - Cameron Schilling is hit by Marc-André Cliche and loses puck.
10:30 of 2nd period - Snap shot by Matt D'Agostini.
10:30 of 2nd period - Shot Blocked by Roman Polak.
10:41 of 2nd period - Icing by Roman Polak.
10:42 of 2nd period - Dwight King wins face-off versus Darren Helm in Atomiques zone.
10:51 of 2nd period - Snap shot by Branko Radivojevic.
10:51 of 2nd period - Stopped by Joe Cannata with a rebound.
10:57 of 2nd period - Snap shot by Mikael Backlund.
10:57 of 2nd period - Deflect By Branko Radivojevic.
10:57 of 2nd period - Goal by Branko Radivojevic - Demolitions : 2 - Atomiques : 4.
10:58 of 2nd period - Mikael Backlund wins face-off versus Darren Helm in neutral zone.
11:14 of 2nd period - Minor Penalty to Mikael Backlund for Roughing.
11:15 of 2nd period - Darren Helm wins face-off versus Branko Radivojevic in Atomiques zone.
13:14 of 2nd period - Penalty to Mikael Backlund is over, Mikael Backlund is back on ice.
13:19 of 2nd period - Branko Radivojevic is hit by David Laliberté and loses puck.
13:24 of 2nd period - Wrist shot by Alex Hutchings.
13:24 of 2nd period - Deflect By Vince Rocco.
13:24 of 2nd period - Stopped by Sergei Bobrovsky without a rebound.
13:25 of 2nd period - Bobby Farnham wins face-off versus Vince Rocco in Atomiques zone.
13:25 of 2nd period - Bobby Farnham is hit by Vince Rocco.
14:44 of 2nd period - Snap shot by Andrew Campbell.
14:44 of 2nd period - Shot Blocked by Eric Mestery.
14:46 of 2nd period - Slapshot by Andrew Campbell.
14:46 of 2nd period - Deflect By Dmitri Orlov.
14:46 of 2nd period - Stopped by Sergei Bobrovsky without a rebound.
14:47 of 2nd period - Corban Knight wins face-off versus Andrew Kozek in Atomiques zone.
14:56 of 2nd period - Wrist shot by Davis Drewiske.
14:56 of 2nd period - Stopped by Joe Cannata with a rebound.
15:35 of 2nd period - Minor Penalty to Eric Mestery for Hooking.
15:36 of 2nd period - Branko Radivojevic wins face-off versus Darren Helm in Atomiques zone.
17:35 of 2nd period - Penalty to Eric Mestery is over, Eric Mestery is back on ice.
17:53 of 2nd period - Doug Janik is hit by Eric Mestery and loses puck.
18:12 of 2nd period - Slapshot by Andrew Kozek.
18:12 of 2nd period - Shot Hit the Post.
18:14 of 2nd period - Slapshot by Kyle Wharton.
18:14 of 2nd period - Shot Blocked by Andrew Campbell.
18:16 of 2nd period - Wrist shot by Marc-André Cliche.
18:16 of 2nd period - Stopped by Joe Cannata with a rebound.
18:44 of 2nd period - Alex Hutchings is hit by Kenndal McArdle and loses puck.
19:25 of 2nd period - Davis Drewiske is hit by Nicolas Blanchard and loses puck.
19:43 of 2nd period - Corban Knight is hit by Mikael Backlund and loses puck.
Goals for this period are 2 for Demolitions vs 4 for Atomiques.
Shots for this period are 11 for Demolitions vs 16 for Atomiques.
3rd period
0:01 of 3rd period - Mikael Backlund wins face-off versus Darren Helm in neutral zone.
0:56 of 3rd period - Slapshot by Kyle Wharton.
0:56 of 3rd period - Shot Misses the Net.
1:04 of 3rd period - Slapshot by Ryan Vesce.
1:04 of 3rd period - Goal by Ryan Vesce - Demolitions : 3 - Atomiques : 4.
1:05 of 3rd period - Darren Helm wins face-off versus Mikael Backlund in neutral zone.
1:05 of 3rd period - Darren Helm is hit by Dwight King.
1:10 of 3rd period - Doug Janik is hit by Branko Radivojevic and loses puck.
1:13 of 3rd period - Double Minor Penalty to Dwight King for Roughing.
1:14 of 3rd period - Darren Helm wins face-off versus Branko Radivojevic in Atomiques zone.
1:17 of 3rd period - Snap shot by Nikolai Zherdev.
1:17 of 3rd period - Stopped by Sergei Bobrovsky without a rebound.
1:18 of 3rd period - Darren Helm wins face-off versus Branko Radivojevic in Atomiques zone.
1:29 of 3rd period - Slapshot by Brendon Nash.
1:29 of 3rd period - Shot Misses the Net.
1:31 of 3rd period - Wrist shot by Bobby Butler.
1:31 of 3rd period - Shot Misses the Net.
1:33 of 3rd period - Slapshot by Darren Helm.
1:33 of 3rd period - Stopped by Sergei Bobrovsky with a rebound.
2:32 of 3rd period - Icing by Cameron Schilling.
2:33 of 3rd period - Andrew Kozek wins face-off versus Nicolas Blanchard in Demolitions zone.
5:13 of 3rd period - Penalty to Dwight King is over, Dwight King is back on ice.
5:18 of 3rd period - Wrist shot by Roman Polak.
5:18 of 3rd period - Stopped by Joe Cannata without a rebound.
5:19 of 3rd period - Marc-André Cliche wins face-off versus Vince Rocco in Demolitions zone.
5:30 of 3rd period - Wrist shot by Andrew Kozek.
5:30 of 3rd period - Goal by Andrew Kozek - Demolitions : 3 - Atomiques : 5.
5:31 of 3rd period - Darren Helm wins face-off versus Mikael Backlund in neutral zone.
5:33 of 3rd period - Minor Penalty to Nikolai Zherdev for Boarding.
5:34 of 3rd period - Billy Sweat wins face-off versus Mikael Backlund in Demolitions zone.
6:21 of 3rd period - Wrist shot by Mikael Backlund.
6:21 of 3rd period - Stopped by Joe Cannata with a rebound.
6:25 of 3rd period - Slapshot by Mikael Backlund.
6:25 of 3rd period - Stopped by Joe Cannata without a rebound.
6:26 of 3rd period - Corban Knight wins face-off versus Tyler Brenner in Demolitions zone.
6:39 of 3rd period - Snap shot by Ryan Shannon.
6:39 of 3rd period - Stopped by Joe Cannata with a rebound.
6:41 of 3rd period - Slapshot by Shawn Belle.
6:41 of 3rd period - Shot Blocked by Cameron Schilling.
7:33 of 3rd period - Penalty to Nikolai Zherdev is over, Nikolai Zherdev is back on ice.
7:33 of 3rd period - Marc-André Cliche is hit by Nigel Dawes.
8:37 of 3rd period - Icing by Bobby Butler.
8:38 of 3rd period - Mikael Backlund wins face-off versus Nicolas Blanchard in Demolitions zone.
8:58 of 3rd period - Slapshot by Davis Drewiske.
8:58 of 3rd period - Shot Misses the Net.
9:06 of 3rd period - Shawn Belle is hit by Nikolai Zherdev and loses puck.
9:19 of 3rd period - Slapshot by Davis Drewiske.
9:19 of 3rd period - Stopped by Joe Cannata with a rebound.
9:21 of 3rd period - Backhand shot by Andrew Kozek.
9:21 of 3rd period - Stopped by Joe Cannata with a rebound.
9:23 of 3rd period - Snap shot by Marc-André Cliche.
9:23 of 3rd period - Atomiques goal is going for a video replay.
9:23 of 3rd period - The goal is refused. The puck has entered the net after making contact with an attacking player’s stick that is above the height of the crossbar..
9:24 of 3rd period - Marc-André Cliche wins face-off versus Darren Helm in Demolitions zone.
9:35 of 3rd period - Wrist shot by Andrew Kozek.
9:35 of 3rd period - Shot Blocked by Brendon Nash.
10:14 of 3rd period - Matt D'Agostini is hit by Tyler Brenner and loses puck.
10:27 of 3rd period - Roman Polak is hit by Darren Helm and loses puck.
10:55 of 3rd period - Minor Penalty to Marc-André Cliche for Interference.
10:56 of 3rd period - Branko Radivojevic wins face-off versus Darren Helm in Atomiques zone.
11:06 of 3rd period - Slapshot by Brendon Nash.
11:06 of 3rd period - Stopped by Sergei Bobrovsky with a rebound.
11:08 of 3rd period - Slapshot by Nikolai Zherdev.
11:08 of 3rd period - Shot Blocked by Shawn Belle.
11:10 of 3rd period - Snap shot by Brendon Nash.
11:10 of 3rd period - Stopped by Sergei Bobrovsky with a rebound.
12:03 of 3rd period - Seth Helgeson is hit by Davis Drewiske and loses puck.
12:55 of 3rd period - Penalty to Marc-André Cliche is over, Marc-André Cliche is back on ice.
13:27 of 3rd period - Snap shot by Kenndal McArdle.
13:27 of 3rd period - Shot Misses the Net.
13:53 of 3rd period - Mikael Backlund is hit by Corban Knight and loses puck.
14:12 of 3rd period - Marc-André Cliche is hit by Seth Helgeson and loses puck.
14:25 of 3rd period - Andrew Kozek is hit by Nikolai Zherdev and loses puck.
14:48 of 3rd period - Snap shot by Alex Berry.
14:48 of 3rd period - Shot Blocked by Seth Helgeson.
14:54 of 3rd period - Wrist shot by Marc-André Cliche.
14:54 of 3rd period - Stopped by Joe Cannata without a rebound.
14:55 of 3rd period - Darren Helm wins face-off versus Mikael Backlund in Demolitions zone.
15:00 of 3rd period - Slapshot by Brendon Nash.
15:00 of 3rd period - Shot Misses the Net.
15:11 of 3rd period - Off-side.
15:12 of 3rd period - Tyler Brenner wins face-off versus Corban Knight in neutral zone.
15:21 of 3rd period - Brendon Nash is hit by Shawn Belle and loses puck.
16:49 of 3rd period - David Laliberté is hit by Tyler Brenner.
17:09 of 3rd period - Mikael Backlund is hit by Andrew Campbell and loses puck.
17:28 of 3rd period - Wrist shot by Ryan Vesce.
17:28 of 3rd period - Stopped by Sergei Bobrovsky with a rebound.
17:30 of 3rd period - Snap shot by Nicolas Blanchard.
17:30 of 3rd period - Shot Misses the Net.
18:14 of 3rd period - Wrist shot by Brett Sutter.
18:14 of 3rd period - Shot Blocked by Vince Rocco.
18:30 of 3rd period - Snap shot by Kyle Wharton.
18:30 of 3rd period - Stopped by Joe Cannata without a rebound.
18:31 of 3rd period - Tyler Brenner wins face-off versus Corban Knight in Demolitions zone.
18:44 of 3rd period - Snap shot by Matt D'Agostini.
18:44 of 3rd period - Shot Misses the Net.
18:46 of 3rd period - Wrist shot by Matt D'Agostini.
18:46 of 3rd period - Stopped by Sergei Bobrovsky without a rebound.
18:47 of 3rd period - Darren Helm wins face-off versus Marc-André Cliche in Atomiques zone.
18:48 of 3rd period - Snap shot by Nikolai Zherdev.
18:48 of 3rd period - Shot Misses the Net.
18:52 of 3rd period - Snap shot by Nikolai Zherdev.
18:52 of 3rd period - Goal by Nikolai Zherdev - Demolitions : 4 - Atomiques : 5.
18:53 of 3rd period - Mikael Backlund wins face-off versus Nikolai Zherdev in neutral zone.
19:16 of 3rd period - Demolitions, Joe Cannata is pulled from the net.
19:26 of 3rd period - Snap shot by Brendon Nash.
19:26 of 3rd period - Shot Blocked by Shawn Belle.
19:28 of 3rd period - Wrist shot by Bobby Butler.
19:28 of 3rd period - Deflect By Darren Helm.
19:28 of 3rd period - Shot Misses the Net.
19:28 of 3rd period - Puck is out of play.
19:29 of 3rd period - Adams Oates call a timeout for Demolitions.
19:29 of 3rd period - Mikael Backlund wins face-off versus Darren Helm in Atomiques zone.
19:54 of 3rd period - Wrist shot by Mikael Backlund.
19:54 of 3rd period - Deflect By Branko Radivojevic.
19:54 of 3rd period - Goal by Branko Radivojevic - Demolitions : 4 - Atomiques : 6.
19:54 of 3rd period - Joe Cannata from Demolitions was sent back in the game.
19:55 of 3rd period - Nicolas Blanchard wins face-off versus Marc-André Cliche in neutral zone.
Goals for this period are 2 for Demolitions vs 2 for Atomiques.
Shots for this period are 8 for Demolitions vs 11 for Atomiques.
Back to the Top